 Dungeon Crawl Stone Soup version 0.18.1-48-g4cf74bf (webtiles) character file.

150453 tyranidshit the Necromancer (level 16, -11/150 HPs)
             Began as a Deep Dwarf Necromancer on July 10, 2016.
             Was the Champion of Makhleb.
             Mangled by a shambling mangrove (13 damage)
             ... on level 2 of the Swamp.
             The game lasted 03:30:44 (21877 turns).

tyranidshit the Necromancer (DDNe)                 Turns: 21877, Time: 03:30:45

Health: -11/150    AC: 20    Str: 14    XL:     16   Next: 98%
Magic:  25/25      EV: 12    Int: 29    God:    Makhleb [******]
Gold:   1763       SH:  0    Dex: 15    Spells: 5 memorised, 13 levels left

rFire  . . .     SeeInvis +     s - +7 whip of a bazaar {elec, rElec Int+5}
rCold  + + +     Gourm    .     p - +1 robe "Tuitwut" {rPois rC+ Dex+3}
rNeg   + . .     Faith    .     I - +3 buckler {AC+3}
rPois  +         Spirit   .     Y - +0 hat of Neezod {rC++ Int+5 Dex-5}
rElec  +         Dismiss  .     m - +2 cloak
rCorr  .         Reflect  +     k - +2 pair of gloves
SustAt .         Harm     .     U - +2 pair of boots
MR     +++..     Rnd*Tele +     E - +2 amulet of reflection
Stlth  ++........               d - +5 ring of protection
                                w - ring "Geysiul" {rC++ MR+ Slay+6 SInv}

@: confused, grasped by roots, non-regenerating, drained, very slow, extremely
resistant to hostile enchantments, unstealthy
A: damage resistance, recharge devices, thin skeletal structure 1, low mp 1,
negative energy resistance 1, sense surroundings 2, slow regeneration 3,
teleportitis 1
a: Device Recharging, Minor Destruction, Lesser Servant of Makhleb, Major
Destruction, Greater Servant of Makhleb, Renounce Religion


You were on level 2 of the Swamp.
You worshipped Makhleb.
Makhleb was exalted by your worship.
You were not hungry.

You visited 6 branches of the dungeon, and saw 29 of its levels.
You also visited: Labyrinth and Ice Cave.

You collected 3625 gold pieces.
You spent 1844 gold pieces at shops.

Inventory:

Hand Weapons
 s - the +7 whip of a bazaar (weapon) {elec, rElec Int+5}
   (You found it on level 4 of the Dungeon)

   Occasionally, upon striking a foe, it will discharge some electrical energy
   and cause terrible harm.
   It affects your intelligence (+5).
   It insulates you from electricity.
Armour
 k - a +2 pair of gloves (worn)
 m - a +2 cloak (worn)
 p - the +1 robe "Tuitwut" (worn) {rPois rC+ Dex+3}
   (You found it on level 11 of the Dungeon)

   It affects your dexterity (+3).
   It protects you from cold.
   It protects you from poison.
 I - a +3 buckler of protection (worn)
 M - the +5 ring mail "Pecradgh" {Int+3 Dex+5}
   (You found it on level 10 of the Dungeon)

   It affects your intelligence (+3).
   It affects your dexterity (+5).
 U - a +2 pair of boots (worn)
 Y - the +0 hat of Neezod (worn) {rC++ Int+5 Dex-5}
   (You acquired it on level 6 of the Lair of Beasts)

   It affects your intelligence (+5).
   It affects your dexterity (-5).
   It greatly protects you from cold.
Jewellery
 d - a +5 ring of protection (right hand)
 e - an uncursed ring of teleportation
 n - an uncursed ring of protection from fire
 u - an uncursed ring of protection from magic
 w - the ring "Geysiul" (left hand) {rC++ MR+ Slay+6 SInv}
   (You found it on level 15 of the Dungeon)

   [ring of protection from magic]

   It affects your accuracy and damage with ranged weapons and melee attacks
   (+6).
   It greatly protects you from cold.
   It affects your resistance to hostile enchantments.
   It lets you see invisible.
 E - a +2 amulet of reflection (around neck)
Wands
 c - a wand of heal wounds (0/9)
 f - a wand of polymorph (14/24)
 j - a wand of paralysis (10/24)
 y - a wand of disintegration (10/24)
 A - a wand of hasting (5/9)
 R - a wand of enslavement (13/24)
 T - a wand of teleportation (4/9)
Scrolls
 h - a scroll of identify
 i - 5 scrolls of remove curse
 r - a scroll of immolation
 v - 3 scrolls of amnesia
 J - a scroll of fog
 K - a scroll of enchant armour
 N - a scroll of blinking
 Q - 2 scrolls of magic mapping
 W - 2 scrolls of enchant weapon
Potions
 a - 2 potions of flight
 g - a potion of lignification
 l - 6 potions of curing
 o - a potion of berserk rage
 q - 2 potions of magic
 t - 3 potions of haste
 x - 2 potions of cure mutation
 B - a potion of might
 C - 2 potions of resistance
 G - 2 potions of brilliance
 O - 2 potions of cancellation
 S - 2 potions of invisibility
 X - a potion of agility
Books
 z - a book of Flames

   Spells                             Type                      Level
   a - Flame Tongue                   Conjuration/Fire             1
   b - Throw Flame                    Conjuration/Fire             2
   c - Conjure Flame                  Conjuration/Fire             3
   d - Inner Flame                    Hexes/Fire                   3
   e - Sticky Flame                   Conjuration/Fire             4
   f - Fireball                       Conjuration/Fire             5
Miscellaneous
 b - a plain deck of summoning
 D - a plain deck of wonders {drawn: 1}
 F - a phial of floods
 L - 2 phantom mirrors
Comestibles
 H - 19 fruits
 Z - 3 bread rations


   Skills:
 - Level 11.0(10.9) Fighting
 - Level 10.1(10.0) Dodging
 - Level 2.4(2.3) Stealth
 - Level 10.1 Spellcasting
 + Level 17.1 Necromancy
 + Level 11.3(11.2) Transmutations
 - Level 10.4(10.3) Invocations
 - Level 10.0 Evocations


You had 13 spell levels left.
You knew the following spells:

 Your Spells              Type           Power        Failure   Level  Hunger
a - Pain                  Necr           ####         0%          1    None
b - Vampiric Draining     Necr           #######...   0%          3    None
c - Animate Dead          Necr           N/A          1%          4    None
d - Death Channel         Necr           #######...   1%          6    #####..
f - Necromutation         Trmt/Necr      #######...   95%         8    #######


Dungeon Overview and Level Annotations

Branches:
Dungeon (15/15)            Temple (1/1) D:6            Lair (8/8) D:11
  Swamp (2/4) Lair:3        Snake (1/4) Lair:3        Slime (0/6) Lair:7
    Orc (2/2) D:10            Elf (0/3) Orc:2        Vaults (0/5) D:14
 Depths (0/5) D:15

Altars:
Ashenzari
Cheibriados
Dithmenos
Fedhas
Gozag
Kikubaaqudgha
Makhleb
Nemelex Xobeh
Pakellas
Ru
Trog
Vehumet
Xom
Zin
The Shining One

Shops:
D:8 **   D:9 %!!   D:10 }   D:15 ((   Orc:2 *[(:

Portals:
Trove: D:11 (show abyssal rune of Zot)

Annotations:
D:13 exclusion: orange crystal statue
Lair:8 Nessos
Snake:1 Azrael


Innate Abilities, Weirdness & Mutations

You are resistant to damage.
You can recharge devices by infusing magical energy.
You resist negative energy.
You passively map the area around you.
You do not regenerate naturally.
You have a somewhat thin skeletal structure (Dex +2, Stealth).
Your magical capacity is low (-10% MP).
You are occasionally teleported next to monsters.


Message History

Unknown command.
You hit the shambling mangrove.
The shambling mangrove is almost destroyed.
The insubstantial wisp closely misses you.
The shambling mangrove misses you.
The insubstantial wisp hits you but does no damage.
An insubstantial wisp comes into view.
Drink which item? (? for menu, Esc to quit)
Okay, then.
You're too confused!
You're too confused to cast spells.
The insubstantial wisp blinks!
An insubstantial wisp comes into view.
You're too confused to move!
The shambling mangrove hits you!!
* * * LOW HITPOINT WARNING * * *
The insubstantial wisp gives a chilling moan.
The insubstantial wisp hits you!
* * * LOW HITPOINT WARNING * * *
The insubstantial wisp blinks!
The shambling mangrove hits you!
You die...

* , ,
.[♣.≈≈§≈..≈. ≈
≈ (..≈≈≈v....
≈,
♣♣♣..§≈≈≈≈≈v. *
≈ ,
♣♣≈.≈≈≈§≈v≈§..
≈,≈≈
♣♣.§≈≈≈≈...≈...
,
♣..≈≈≈.......≈♣
≈
♣≈≈≈≈≈..§......
,*
*♣..<≈.@≈≈≈≈.♣
* ≈
♣.....f§≈≈≈§..
♣♣..≈≈.≈≈≈≈≈≈≈
≈ *
♣♣≈≈.≈≈≈....≈ ≈
*♣≈♣♣.≈≈......
♣$≈≈♣♣≈≈♣≈.§♣.,
*
♣.≈≈,♣♣♣♣♣♣♣≈.
, * *♣.. * *..
≈ ≈ ≈ ≈.,


You could see a shambling mangrove and 3 insubstantial wisps.

Vanquished Creatures
  2 frost giants (D:15)
  Louise (Swamp:1)
  Donald (D:14)
  3 ettins
  Snorg (D:12)
  2 vault guards (D:15)
  A fire dragon (D:14)
  A minotaur (Lab)
  A great orb of eyes (D:15)
  Fannar (D:11)
  11 hydras
  A ghost crab (Swamp:1)
  2 ogre magi (D:15)
  5 centaur warriors
  The ghost of Mesmaeker13 the Geomancer, a journeyman DEEE of Vehumet (D:10)
  A death knight (D:14)
  A tengu warrior (D:12)
  Urug (D:11)
  An orc high priest (Orc:1)
  A deep elf knight (D:15)
  3 skeletal warriors
  A wizard (Lair:8)
  A swamp dragon (Swamp:1)
  3 unseen horrors
  3 orc knights
  4 hill giants
  A deep elf archer (D:15)
  An oklob plant (Lair:6)
  2 orc sorcerers (Orc:2)
  A deep elf mage (D:15)
  A hornet (D:15)
  A griffon (D:14)
  2 manticores
  5 ugly things
  3 cyclopes
  6 elephants
  4 black mambas
  Joseph (D:7)
  A torpor snail (Lair:7)
  An ice statue (IceCv)
  15 spiny frogs
  2 kobold demonologists (D:15)
  A yaktaur (D:15)
  2 gargoyles (D:15)
  2 freezing wraiths
  A rime drake (Lair:5)
  4 komodo dragons
  2 ice devils (Lair:8)
  An efreet (D:12)
  2 tengu conjurers
  A minotaur zombie (Lab)
  3 two-headed ogres
  9 polar bears
  8 trolls
  2 giant leeches
  3 slime creatures
  11 blink frogs
  2 shadows
  A tarantella (shapeshifter) (D:15)
  5 wyverns
  3 wraiths
  35 yaks
  A spriggan (D:15)
  4 hippogriffs
  12 humans (D:14)
  A fire bat (shapeshifter) (D:12)
  3 basilisks
  A fire elemental (Snake:1)
  A human (shapeshifter) (D:12)
  5 hungry ghosts
  A vampire mosquito (D:14)
  5 insubstantial wisps (Swamp:1)
  3 wargs
  A naga (Lair:3)
  A mottled dragon (D:15)
  The ghost of Typee the Conjurer, an amateur OpCj (D:3)
  3 swamp worms (Swamp:1)
  11 water moccasins
  A giant eyeball (D:15)
  10 porcupines
  A swamp drake (Swamp:1)
  11 ice beasts
  19 orc warriors
  A sky beast (D:8)
  2 phantoms
  A wasp (D:15)
  A black bear (D:9)
  13 ogres
  12 wolves
  An eye of draining (D:9)
  6 centaurs
  9 crocodiles
  A big kobold (D:14)
  17 giant frogs
  A water moccasin zombie (D:12)
  2 gnoll sergeants
  A wyvern skeleton (D:8)
  9 killer bees
  3 scorpions
  5 wights (D:8)
  2 howler monkeys
  7 crimson imps
  5 centaur zombies
  A quasit (D:12)
  6 jellies
  4 hounds
  16 orc wizards
  2 giant frog zombies (D:11)
  10 orc priests
  6 centaur skeletons
  A hell rat (Lair:8)
  5 iguanas
  Natasha (thrice) (D:2)
  9 worker ants
  23 sheep
  A hound zombie (D:5)
  A hound skeleton (D:4)
  A worker ant zombie (D:5)
  2 howler monkey skeletons (D:10)
  10 gnolls
  15 adders
  54 river rats
  3 shadow imps
  17 oozes
  2 adder skeletons
  3 worms
  A dart slug (D:1)
  5 giant geckos
  90 orcs
  5 ball pythons (D:3)
  6 giant cockroaches
  6 goblins
  8 hobgoblins
  12 jackals
  10 kobolds
  7 quokkas
  5 bats
  2 giant newts
  7 rats
753 creatures vanquished.

Vanquished Creatures (collateral kills)
  An orc warlord (Orc:2)
  An ettin (Orc:1)
  2 vault guards (D:15)
  A great orb of eyes (D:15)
  A hydra (Lair:7)
  3 centaur warriors
  Erolcha (D:12)
  A death yak (IceCv)
  3 skeletal warriors (D:15)
  2 unseen horrors (D:15)
  A swamp dragon (Swamp:1)
  2 orc knights (Orc:2)
  A cyclops (D:15)
  An orb spider (shapeshifter) (D:15)
  A deep elf mage (D:15)
  2 manticores
  4 orc sorcerers (Orc:2)
  An ugly thing (D:12)
  4 elephants (Lair:8)
  2 black mambas
  A centaur zombie (D:15)
  4 spiny frogs
  2 centaur skeletons
  A freezing wraith (D:14)
  3 komodo dragons
  2 tengu conjurers
  6 polar bears
  A two-headed ogre (D:15)
  12 blink frogs
  4 humans (D:14)
  10 yaks
  A wraith (D:14)
  A basilisk (Lair:1)
  2 hippogriffs
  2 mottled dragons
  2 wargs (Orc:2)
  A giant eyeball (D:15)
  A porcupine (Lair:1)
  An ice beast (D:13)
  2 water moccasins
  16 orc warriors
  A swamp drake (Swamp:1)
  A wasp (D:14)
  2 ogres
  13 wolves
  2 crocodiles
  4 centaurs (D:14)
  3 giant frogs
  2 killer bees (D:14)
  2 jellies (Lair:6)
  A crimson imp (D:9)
  A giant frog zombie (D:12)
  3 orc priests
  6 orc wizards
  3 hell rats (Lair:8)
  An iguana (Lair:3)
  A worker ant (D:12)
  11 sheep
  A giant frog simulacrum (D:12)
  13 river rats
  11 orcs
  A kobold (D:14)
  A bush (Lair:8)
  3 fungi
  7 plants
204 creatures vanquished.

Vanquished Creatures (others)
  A centaur warrior (D:15)
  An unseen horror (D:10)
  A yaktaur (D:15)
  A yak (IceCv)
  A wolf (IceCv)
  2 centaurs
  An orc (Orc:2)
  23 fungi
  4 plants
35 creatures vanquished.

Grand Total: 992 creatures vanquished

Notes
Turn   | Place    | Note
--------------------------------------------------------------
     0 | D:1      | tyranidshit the Deep Dwarf Necromancer began the quest for the Orb.
     0 | D:1      | Reached XP level 1. HP: 15/15 MP: 3/3
   328 | D:1      | Reached XP level 2. HP: 12/24 MP: 0/5
   340 | D:1      | Reached skill level 1 in Fighting
   631 | D:2      | Noticed Natasha
   648 | D:2      | Noticed a crimson imp
   650 | D:2      | Noticed a crimson imp
   651 | D:2      | Killed Natasha
   651 | D:2      | Reached XP level 3. HP: 32/32 MP: 0/7
   656 | D:2      | Learned a level 3 spell: Vampiric Draining
   739 | D:2      | Noticed Natasha
   768 | D:2      | Killed Natasha
   768 | D:2      | Reached XP level 4. HP: 32/39 MP: 0/8
   780 | D:2      | HP: 1/39 [worm (10)]
  1078 | D:2      | Found an oddly glowing altar of Pakellas.
  1233 | D:2      | Noticed Natasha
  1264 | D:2      | Killed Natasha
  1574 | D:3      | Found a burning altar of Makhleb.
  1574 | D:3      | Found a shimmering altar of Xom.
  1579 | D:3      | Became a worshipper of Makhleb the Destroyer
  1698 | D:3      | Noticed Typee's ghost (amateur OpCj)
  1792 | D:3      | Reached XP level 5. HP: 34/48 MP: 4/7
  1895 | D:3      | Found a sacrificial altar of Ru.
  2086 | D:3      | Reached * piety under Makhleb
  2441 | D:4      | Got a jewelled whip
  2442 | D:4      | Identified the +7 whip of a bazaar {elec, rElec Int+5} (You found it on level 4 of the Dungeon)
  2558 | D:4      | Noticed an ogre
  2570 | D:4      | Reached XP level 6. HP: 35/57 MP: 9/9
  2590 | D:4      | HP: 1/57 [ogre/giant spiked club (15)]
  2699 | D:3      | Killed Typee's ghost
  2768 | D:4      | Reached XP level 7. HP: 26/66 MP: 8/12
  2798 | D:4      | Reached ** piety under Makhleb
  2799 | D:4      | Reached skill level 5 in Fighting
  2841 | D:4      | Found a blossoming altar of Fedhas.
  2850 | D:4      | Found a radiant altar of Vehumet.
  2858 | D:4      | Found a snail-covered altar of Cheibriados.
  3022 | D:4      | Reached skill level 5 in Spellcasting
  3180 | D:5      | Entered Level 5 of the Dungeon
  3460 | D:5      | Reached XP level 8. HP: 76/76 MP: 13/14
  3487 | D:5      | Reached *** piety under Makhleb
  4055 | D:6      | Found an opulent altar of Gozag.
  4055 | D:6      | Found a glowing silver altar of Zin.
  4091 | D:6      | Got a fine plate armour
  4115 | D:6      | Identified the +2 plate armour of the Castellan {Str+3} (You found it on level 6 of the Dungeon)
  4142 | D:6      | Identified a scroll of acquirement
  4235 | D:6      | Found a staircase to the Ecumenical Temple.
  4244 | Temple   | Entered the Ecumenical Temple
  4548 | D:7      | Found a glowing golden altar of the Shining One.
  4714 | D:7      | Reached **** piety under Makhleb
  4787 | D:7      | Gained mutation: You passively map the area around you. [Deep Dwarf growth]
  4787 | D:7      | Reached XP level 9. HP: 41/86 MP: 3/17
  4932 | D:7      | Noticed Joseph
  4950 | D:7      | Killed Joseph
  5243 | D:8      | Found a sparkling altar of Nemelex Xobeh.
  5363 | D:8      | Found Xaitouva's General Store.
  5368 | D:8      | Bought a scroll of recharging for 133 gold pieces
  5457 | D:8      | Reached ***** piety under Makhleb
  5623 | D:8      | Found a shadowy altar of Dithmenos.
  5629 | D:8      | Found Xoqyz's General Store.
  5746 | D:9      | Found Hiej Jen's Distillery.
  5748 | D:9      | Found Mefop's Food Shoppe.
  5839 | D:9      | Learned a level 4 spell: Animate Dead
  5910 | D:9      | Found an ancient bone altar of Kikubaaqudgha.
  5976 | D:9      | Found Piucirei's Distillery.
  6023 | D:9      | Reached XP level 10. HP: 55/99 MP: 11/20
  6280 | D:9      | Found a bloodstained altar of Trog.
  6470 | D:10     | Entered Level 10 of the Dungeon
  6581 | D:10     | Found Kugha's Gadget Emporium.
  6597 | D:10     | Noticed Mesmaeker13's ghost (journeyman DEEE)
  6609 | D:10     | Killed an unseen horror
  6867 | D:10     | Reached skill level 10 in Fighting
  7094 | D:10     | Got a shimmering ring mail
  7105 | D:10     | Identified the +5 ring mail "Pecradgh" {Int+3 Dex+5} (You found it on level 10 of the Dungeon)
  7167 | D:10     | Found a staircase to the Orcish Mines.
  7339 | D:11     | Noticed Urug
  7347 | D:11     | Killed Urug
  7360 | D:11     | Noticed Fannar
  7388 | D:11     | Killed Fannar
  7388 | D:11     | Reached skill level 10 in Spellcasting
  7412 | D:11     | Got a heavily jewelled robe
  7423 | D:11     | Identified the +1 robe "Tuitwut" {rPois rC+ Dex+3} (You found it on level 11 of the Dungeon)
  7496 | D:11     | Noticed a hill giant
  7508 | D:11     | Killed a hill giant
  7508 | D:11     | Reached XP level 11. HP: 88/111 MP: 8/23
  7537 | D:11     | Killed an unseen horror
  7618 | D:11     | Found a staircase to the Lair.
  7620 | D:11     | Noticed a green ugly thing
  7632 | D:11     | Killed a green ugly thing
  7632 | D:11     | Reached skill level 5 in Necromancy
  7644 | Lair:1   | Entered Level 1 of the Lair of Beasts
  7800 | Lair:1   | Noticed an eight-headed hydra
  7806 | Lair:1   | Reached skill level 6 in Necromancy
  7814 | Lair:1   | Killed an eight-headed hydra
  7814 | Lair:1   | Reached skill level 5 in Dodging
  7982 | Lair:1   | Found a labyrinth entrance.
  7999 | Lab      | Entered a labyrinth
  8047 | Lab      | Reached skill level 7 in Necromancy
  8108 | Lab      | Noticed a minotaur
  8121 | Lab      | Killed a minotaur
  8599 | Lair:2   | Noticed a five-headed hydra
  8609 | Lair:2   | Killed a five-headed hydra
  8609 | Lair:2   | Reached skill level 8 in Necromancy
  8652 | Lair:2   | Noticed a six-headed hydra
  8669 | Lair:2   | Killed a six-headed hydra
  8674 | Lair:2   | Reached ****** piety under Makhleb
  8849 | Lair:2   | Noticed a seven-headed hydra
  8858 | Lair:2   | Killed a seven-headed hydra
  8858 | Lair:2   | Reached skill level 9 in Necromancy
  8924 | Lair:2   | Reached XP level 12. HP: 120/120 MP: 24/24
  9164 | Lair:3   | Noticed a four-headed hydra
  9179 | Lair:3   | Killed a four-headed hydra
  9179 | Lair:3   | Reached skill level 10 in Necromancy
  9227 | Lair:3   | Identified the Papyrus of the Glacier and Evil Magic
  9267 | Lair:3   | Noticed a four-headed hydra
  9282 | Lair:3   | Killed a four-headed hydra
  9381 | Lair:3   | Found a staircase to the Snake Pit.
  9398 | Lair:3   | Reached skill level 10 in Dodging
  9425 | Lair:3   | Found a staircase to the Swamp.
  9772 | Lair:4   | Found a frozen archway.
  9795 | Lair:4   | Reached skill level 1 in Invocations
  9795 | Lair:4   | Reached skill level 1 in Evocations
  9875 | Lair:4   | Learned a level 6 spell: Death Channel
  9902 | IceCv    | Entered an ice cave
 10101 | IceCv    | Reached skill level 5 in Invocations
 10105 | IceCv    | Reached skill level 5 in Evocations
 10185 | IceCv    | Gained mutation: You have a somewhat thin skeletal structure (Dex +2, Stealth). [potion of mutation]
 10185 | IceCv    | Gained mutation: You are occasionally teleported next to monsters. [potion of mutation]
 10185 | IceCv    | Gained mutation: Your magical capacity is low (-10% MP). [potion of mutation]
 10326 | IceCv    | Reached XP level 13. HP: 127/127 MP: 22/22
 10385 | IceCv    | Noticed a frost giant
 12504 | Lair:6   | Got a transparent hat
 12510 | Lair:6   | Identified the +0 hat of Neezod {rC++ Int+5 Dex-5} (You acquired it on level 6 of the Lair of Beasts)
 12681 | Lair:7   | Found a staircase to the Slime Pits.
 12714 | Lair:6   | Reached skill level 10 in Invocations
 12770 | Lair:7   | Reached skill level 10 in Evocations
 12886 | Lair:7   | Reached skill level 11 in Necromancy
 13012 | Lair:7   | Learned a level 3 spell: Spider Form
 13086 | Lair:7   | Reached skill level 1 in Transmutations
 13419 | Lair:8   | Entered Level 8 of the Lair of Beasts
 13549 | Lair:8   | Reached skill level 12 in Necromancy
 13741 | Lair:8   | Gained mutation: You resist negative energy. [Deep Dwarf growth]
 13741 | Lair:8   | Reached XP level 14. HP: 135/135 MP: 14/23
 13832 | Lair:8   | Found a burning altar of Makhleb.
 14007 | Lair:8   | Noticed Nessos
 14296 | Orc:1    | Entered Level 1 of the Orcish Mines
 15028 | Orc:2    | Entered Level 2 of the Orcish Mines
 15070 | Orc:2    | Found a staircase to the Elven Halls.
 15105 | Orc:2    | Reached skill level 5 in Transmutations
 15164 | Orc:2    | Found Girol's Book Emporium.
 15191 | Orc:2    | Found Osofaora's Antique Weapon Boutique.
 15214 | Orc:2    | Reached skill level 13 in Necromancy
 15270 | Orc:2    | Found Lunges's Antique Armour Shoppe.
 15307 | Orc:2    | Found Aloemoy's General Store.
 15309 | Orc:2    | Noticed an orc warlord
 15320 | Orc:2    | Killed an orc warlord
 15528 | Orc:2    | Bought a Necronomicon for 1104 gold pieces
 15537 | Orc:2    | Learned a level 8 spell: Necromutation
 15570 | Orc:2    | Bought 3 scrolls of enchant armour for 337 gold pieces
 15652 | Orc:2    | Bought a pair of embroidered gloves for 135 gold pieces
 15662 | Orc:2    | Bought a pair of embroidered boots for 135 gold pieces
 16084 | D:10     | Killed Mesmaeker13's ghost
 16499 | D:11     | Found a portal to a secret trove of treasure.
 16768 | D:12     | Noticed Erolcha
 16802 | D:12     | Killed Erolcha
 16818 | D:12     | Noticed Snorg
 16829 | D:12     | Killed Snorg
 16883 | D:12     | Reached skill level 14 in Necromancy
 18158 | D:14     | Reached XP level 15. HP: 101/141 MP: 2/24
 18279 | D:14     | Noticed Donald
 18313 | D:14     | Killed Donald
 18417 | D:14     | Found a gate to the Vaults.
 18744 | D:14     | Found a shadowy altar of Dithmenos.
 18789 | D:14     | Reached skill level 15 in Necromancy
 19013 | D:15     | Entered Level 15 of the Dungeon
 19076 | D:15     | Found Xiymy's Weapon Emporium.
 19115 | D:15     | Found a staircase to the Depths.
 19115 | D:15     | Noticed a frost giant
 19136 | D:15     | Killed a frost giant
 19219 | D:15     | Paralysed by a giant eyeball for 3 turns
 19316 | D:15     | Found Vikael's Antique Weapon Emporium.
 19355 | D:15     | Paralysed by a giant eyeball for 3 turns
 19431 | D:15     | Reached skill level 10 in Transmutations
 19522 | D:15     | Noticed a frost giant
 19860 | D:15     | Got a slimy ivory ring
 19864 | D:15     | Identified the ring "Geysiul" {rC++ MR+ Slay+6 SInv} (You found it on level 15 of the Dungeon)
 20192 | D:15     | Killed a frost giant
 20192 | D:15     | Reached skill level 16 in Necromancy
 20241 | D:15     | Got a shimmering iron ring
 20244 | D:15     | Identified the ring "Hacwob" {Int+3 Dex+2 Stlth-} (You found it on level 15 of the Dungeon)
 20522 | Swamp:1  | Entered Level 1 of the Swamp
 20593 | Swamp:1  | Noticed Louise
 20631 | Swamp:1  | Killed Louise
 20728 | Swamp:1  | Reached skill level 17 in Necromancy
 20728 | Swamp:1  | Reached XP level 16. HP: 50/150 MP: 19/25
 21280 | Snake:1  | Entered Level 1 of the Snake Pit
 21312 | Snake:1  | Noticed Azrael
 21876 | Swamp:2  | HP: 3/150 [shambling mangrove (21)]
 21877 | Swamp:2  | Mangled by a shambling mangrove

Skill      XL: |  1  2  3  4  5  6  7  8  9 10 11 12 13 14 15 |
---------------+----------------------------------------------+-----
Spellcasting   | 2 3 4 5 7 8 10 | 10.1
Fighting       | 1 2 3 4 5 7 9 11 | 11.0
Dodging        | 8 10 | 10.1
Necromancy     | 9 10 12 14 17 | 17.1
Invocations    | 6 10 | 10.4
Evocations     | 6 10 | 10.0
Transmutations | 3 8 11 | 11.3
Stealth        | |  2.4

Action                   |  1- 3 |  4- 6 |  7- 9 | 10-12 | 13-15 | 16-18 || total
-------------------------+-------+-------+-------+-------+-------+-------++-------
Melee: Short sword       |    41 |   189 |       |       |       |       ||   230
       Hand axe          |       |    16 |       |       |       |       ||    16
       Whip              |       |    25 |   296 |   686 |  1802 |    55 ||  2864
 Cast: Pain              |    30 |    30 |    17 |     9 |    17 |     3 ||   106
       Vampiric Draining |     3 |    34 |    97 |   122 |   292 |    58 ||   606
       Animate Dead      |       |       |     1 |    23 |    51 |       ||    75
       Death Channel     |       |       |       |       |    18 |     2 ||    20
Invok: Greater Servant o |       |       |       |       |     3 |       ||     3
 Abil: Device Recharging |       |     2 |       |       |       |       ||     2
Evoke: Wand              |     4 |     7 |     5 |     1 |    11 |       ||    28
       Deck              |       |       |       |       |     1 |       ||     1
  Use: Scroll            |       |     7 |    11 |     7 |    27 |     4 ||    56
       Potion            |       |     1 |     4 |     5 |    10 |     3 ||    23
 Stab: Sleeping          |       |     2 |     3 |     6 |     4 |       ||    15
       Distracted        |       |       |       |     7 |     7 |       ||    14
       Confused          |       |       |       |       |     1 |       ||     1
  Eat: Bread ration      |       |     3 |     3 |     2 |     2 |     1 ||    11
       Chunk             |       |     1 |       |       |       |       ||     1
       Meat ration       |       |       |       |     3 |     6 |       ||     9
       Royal jelly       |       |       |       |     3 |       |       ||     3
       Fruit             |       |       |       |       |     3 |       ||     3
       Pizza             |       |       |       |       |     2 |       ||     2
Armor: Robe              |    10 |    59 |   135 |    35 |       |    42 ||   281
       Ring mail         |       |       |       |   540 |  1416 |       ||  1956
       Skin              |       |       |       |       |     4 |       ||     4
Dodge: Dodged            |    52 |   197 |   257 |   847 |  2161 |    88 ||  3602
Block: Other             |       |       |    10 |     2 |       |       ||    12
       Buckler           |       |       |       |   559 |  1490 |    55 ||  2104
       Reflection        |       |       |       |     7 |    49 |       ||    56
